 Dungeon Crawl Stone Soup version 0.29.0-4-gdea44cf6ec (webtiles) character file.

Game seed: 15430848608846384847

91 qw the Chopper (level 4, 0/35 HPs)
             Began as a Demonspawn Cinder Acolyte on Sept 9, 2022.
             Was a Priest of Ignis.
             Slain by Grinder (6 damage)
             ... on level 3 of the Dungeon.
             The game lasted 00:00:57 (3475 turns).

qw the Chopper (Demonspawn Cinder Acolyte)          Turns: 3475, Time: 00:00:57

Health: 0/35       AC: 16    Str: 16    XL:     4   Next: 34%
Magic:  5/5        EV:  6    Int: 15    God:    Ignis [***...]
Gold:   11         SH:  0    Dex:  9    Spells: 5/5 levels left

rFire   + . .      SeeInvis .   Y - +0 hand axe (flame)
rCold   . . .      Faith    .   (no shield)
rNeg    . . .      Spirit   .   a - +0 chain mail
rPois   .          Reflect  .   (no helmet)
rElec   .          Harm     .   (no cloak)
rCorr   .          Rampage  .   (no gloves)
Will    .....                   (no boots)
Stlth   ..........              (no amulet)
HPRegen 0.11/turn               (no ring)
MPRegen 0.09/turn               (no ring)

@: fiery-armoured
A: foul stench 2, sharp scales 1
a: Renounce Religion, Fiery Armour, Foxfire Swarm, Rising Flame


You were on level 3 of the Dungeon.
You worshipped Ignis.
Ignis was most pleased with you.
You visited 1 branch of the dungeon, and saw 3 of its levels.

You collected 89 gold pieces.
You spent 78 gold pieces at shops.


Innate Abilities, Weirdness & Mutations

You sometimes emit foul miasma when damaged in melee.
You are partially covered in razor-sharp scales. (AC +1, Slay +1)


   Skills:
 - Level 3.0 Fighting
 + Level 4.3 Axes
 - Level 1.0 Armour
 - Level 1.0 Dodging
 - Level 1.0 Spellcasting
 - Level 2.6 Fire Magic


You had 5 spell levels left.
You didn't know any spells.
Your spell library contained the following spells:

 Spells                   Type           Power      Damage    Failure   Level
 Scorch                   Fire           16%        2d5       94%         2

Inventory:

Hand Weapons
 Y - a +0 hand axe of flaming (weapon)
Armour
 a - a +0 chain mail (worn)
 b - a +0 pair of boots
Scrolls
 f - a scroll of poison {unknown}
Potions
 c - a potion of lignification {unknown}
 d - a potion of curing {unknown}
 e - a potion of haste {unknown}
 i - a potion of heal wounds {unknown}
 j - a potion of degeneration {unknown}

Dungeon Overview and Level Annotations

Branches:
Dungeon (3/15)

Altars:

Shops:
D:2 *

Annotations:
D:2 1 runed translucent door, Crazy Yiuf
D:3 Grinder


Message History

You hit Grinder. You burn Grinder.
Grinder is moderately wounded.
Grinder hits you.
You writhe in agony.
Grinder hits you.
You emit a cloud of foul miasma!
You hit Grinder but do no damage.
Grinder is moderately wounded.
Grinder hits you.
You hit Grinder. You burn Grinder.
Grinder is moderately wounded.
Grinder hits you.
You writhe in agony.
You closely miss Grinder.
Grinder is moderately wounded.
Grinder closely misses you.
You barely miss Grinder.
Grinder is moderately wounded.
Grinder blinks!
Grinder gestures at you.
You suddenly lose the ability to move!
You can move again.
You hit Grinder. You burn Grinder.
Grinder is heavily wounded.
Grinder gestures at you. Pain shoots through your body!
3472 ||| INVOKING Fiery Armour.
A protective cloak of flame settles atop you.
Grinder hits you but does no damage.
Grinder is burned by your cloak of flames.
Grinder is heavily wounded.
You hit Grinder. You burn Grinder.
Grinder is heavily wounded.
Grinder closely misses you.
You barely miss Grinder.
Grinder is heavily wounded.
Grinder hits you but does no damage.
Grinder is burned by your cloak of flames.
Grinder is severely wounded.
You hit Grinder. You burn Grinder.
Grinder is severely wounded.
Grinder hits you!
You writhe in agony.
You die...

$.. #.#... ...
#.#.## ..####
#.#.#. .....
#.#.#. ...#
#.#.#. ..# #.#.#.
#.# #.#.#.
#########.# #.#.
.........@######
#.##
########.5......#
#.##
.......'.........
#.##
########........#
#.##
#.............
#.##
#..%.......).#
#.#.#
#............#
#.#.#
#.....#####...
#.#.#
#######.....# ..
#.#.#


You could see Grinder.

Vanquished Creatures
  Natasha (D:3)
  An adder (D:3)
  A worm (D:2)
  A dart slug (D:3)
  7 ball pythons
  5 bats
  4 endoplasms
  2 giant cockroaches (D:2)
  4 goblins
  9 hobgoblins
  5 kobolds
  4 quokkas
  A frilled lizard (D:1)
  2 rats
47 creatures vanquished.

Notes
Turn   | Place    | Note
-------+----------+-------------------------------------------
     0 | D:1      | qw the Demonspawn Cinder Acolyte began the quest for the
                  | Orb.
     0 | D:1      | Reached XP level 1. HP: 18/18 MP: 2/2
     0 | D:1      | 0 ||| qw: Version: 0.1-a-113-g051387a
     0 | D:1      | 0 ||| qw: Game counter: 7065
     0 | D:1      | 0 ||| qw: Always use a shield: true
     0 | D:1      | 0 ||| qw: God list: Okawaru
     0 | D:1      | 0 ||| qw: Allow faded altars: false
     0 | D:1      | 0 ||| qw: Do Orc after D:15 true
     0 | D:1      | 0 ||| qw: Do second Lair branch before Depths: true
     0 | D:1      | 0 ||| qw: Lair rune preference: random
     0 | D:1      | 0 ||| qw: Plans: Normal
     0 | D:1      | 0 ||| PLANNING D:1-11
   254 | D:1      | Reached skill level 3 in Axes
   305 | D:1      | Found a faded altar of an unknown god.
   490 | D:1      | 490 ||| INVOKING Fiery Armour.
   663 | D:1      | Gained mutation: You may rarely emit foul miasma when
                  | damaged in melee. [demonic ancestry]
   663 | D:1      | Reached XP level 2. HP: 18/24 MP: 3/3
   668 | D:1      | 668 ||| INVOKING Fiery Armour.
   675 | D:1      | HP: 6/24 [kobold/+0 whip (3)]
  1165 | D:1      | 1165 ||| Stepping ~*~*~tactically~*~*~ (stealth).
  1184 | D:1      | 1184 ||| INVOKING Fiery Armour.
  1187 | D:1      | 1187 ||| Stepping ~*~*~tactically~*~*~ (stealth).
  1190 | D:1      | HP: 5/24 [frozen (3)]
  1192 | D:1      | Gained mutation: You sometimes emit foul miasma when
                  | damaged in melee. [demonic ancestry]
  1192 | D:1      | Reached XP level 3. HP: 6/29 MP: 4/4
  1747 | D:1      | 1747 ||| READING scroll labelled GADOSHR FES TUO.
  1748 | D:1      | 1748 ||| READING scroll labelled TALOVO WOETAO.
  1749 | D:1      | 1749 ||| READING scroll labelled IRIJON QYGARIB.
  1750 | D:1      | 1750 ||| READING scroll labelled FEPNUGR HIAKIQ.
  1751 | D:1      | 1751 ||| DRINKING 2 fuming emerald potions.
  1752 | D:1      | 1752 ||| DROPPING potion of brilliance.
  1944 | D:2      | Reached skill level 4 in Axes
  2208 | D:2      | 2208 ||| Stepping ~*~*~tactically~*~*~ (stealth).
  2211 | D:2      | 2211 ||| Stepping ~*~*~tactically~*~*~ (stealth).
  2437 | D:2      | Found Qolofuw's Assorted Antiques.
  2452 | D:2      | Reached skill level 1 in Dodging
  2528 | D:2      | 2528 ||| BUYING 2 scrolls labelled ECUDEA NUEGARU (40
                  | gold).
  2528 | D:2      | Bought 2 scrolls labelled ECUDEA NUEGARU for 40 gold pieces
  2528 | D:2      | 2528 ||| BUYING clear potion (18 gold).
  2528 | D:2      | Bought a clear potion for 18 gold pieces
  2528 | D:2      | 2528 ||| BUYING scroll labelled AQAULIMUIP (20 gold).
  2528 | D:2      | Bought a scroll labelled AQAULIMUIP for 20 gold pieces
  2528 | D:2      | 2528 ||| SHOPLISTING scroll labelled IMNUAGGOCEKH (20 gold,
                  | have 11).
  2528 | D:2      | 2528 ||| SHOPLISTING scroll labelled UDWURU SAETT (20 gold,
                  | have 11).
  2528 | D:2      | 2528 ||| SHOPLISTING scroll labelled VEDGHA QAOSU (20 gold,
                  | have 11).
  2528 | D:2      | 2528 ||| SHOPLISTING sedimented brown potion (18 gold, have
                  | 11).
  2544 | D:2      | Found a runed translucent door.
  2545 | D:2      | Noticed Crazy Yiuf
  2638 | D:2      | 2638 ||| UPGRADING to +0 chain mail.
  2648 | D:2      | 2648 ||| DROPPING +0 robe.
  2649 | D:2      | 2649 ||| DROPPING ring of magical power.
  2650 | D:2      | 2650 ||| READING scroll labelled ULARIASIYCH.
  2651 | D:2      | 2651 ||| READING 2 scrolls labelled ECUDEA NUEGARU.
  2711 | D:2      | 2711 ||| READING scroll labelled AQAULIMUIP.
  3001 | D:3      | Reached skill level 1 in Armour
  3048 | D:3      | Noticed Natasha
  3049 | D:3      | 3049 ||| Stepping ~*~*~tactically~*~*~ (hiding).
  3050 | D:3      | 3050 ||| Stepping ~*~*~tactically~*~*~ (hiding).
  3063 | D:3      | HP: 3/29 [Natasha (6)]
  3064 | D:3      | 3064 ||| READING scroll of teleportation.
  3065 | D:3      | 3065 ||| INVOKING Fiery Armour.
  3065 | D:3      | Killed Natasha
  3066 | D:3      | Gained mutation: You are partially covered in razor-sharp
                  | scales. (AC +1, Slay +1) [demonic ancestry]
  3066 | D:3      | Reached XP level 4. HP: 4/35 MP: 5/5
  3461 | D:3      | Noticed Grinder
  3462 | D:3      | 3462 ||| Stepping ~*~*~tactically~*~*~ (hiding).
  3469 | D:3      | Paralysed by Grinder for 2 turns
  3472 | D:3      | 3472 ||| INVOKING Fiery Armour.
  3475 | D:3      | HP: 6/35 [Grinder (8)]
  3475 | D:3      | Slain by Grinder

Levels and vault maps discovered:
D:1:      onia_arrival_pyramid, layout_basic,
          hellmonk_ecumenical_altar_heavens_door
D:2:      layout_rooms, serial_shops, nicolae_shop_stone,
          uniq_crazy_yiuf_cottage
D:3:      layout_basic, uniq_natasha, uniq_terence, uniq_grinder

Skill      XL: |  1  2  3 |
---------------+----------+-----
Axes           | 3 4 |  4.3
Dodging        | 1 |  1.0
Armour         | 1 |  1.0
Fighting       | |  3.0
Spellcasting   | |  1.0
Fire Magic     | |  2.6

Action                   |  1- 3 |  4- 6 || total
-------------------------+-------+-------++-------
Melee: Hand axe          |   155 |    15 ||   170
Invok: Fiery Armour      |     4 |     1 ||     5
  Use: Scroll            |     8 |       ||     8
       Potion            |     1 |       ||     1
Armor: Robe              |    24 |       ||    24
       Chain mail        |    11 |     7 ||    18
Dodge: Dodged            |    71 |     5 ||    76

Table legend:
 A = Non-vault XP
 B = Vault XP
 C = Vault XP percentage of total XP
 D = Non-vault monster count
 E = Vault monster count
 F = Vault count percentage of total count
                 A         B        C        D         E       F
            +---------+---------+-------+---------+---------+-------
      Total |      96 |      35 |  26.7 |      46 |       1 |   2.1
            +---------+---------+-------+---------+---------+-------
        D:1 |      43 |       0 |   0.0 |      25 |       0 |   0.0
        D:2 |      28 |       0 |   0.0 |      14 |       0 |   0.0
        D:3 |      25 |      35 |  58.3 |       7 |       1 |  12.5
            +---------+---------+-------+---------+---------+-------
